 Seeded DCSS version 0.29-a0-371-g91724d5b39 (webtiles) character file.

Game seed: 12468528015185605750 (custom seed)

41238 zeratav the Warrior (level 13, -7/126 HPs)
             Began as a Minotaur Fighter on May 2, 2022.
             Was a High Priest of the Shining One.
             Mangled by a spatial vortex (16 damage)
             ... summoned by a spatial maelstrom
             ... on level 4 of the Abyss.
             The game lasted 00:37:19 (20718 turns).

zeratav the Warrior (Minotaur Fighter)             Turns: 20718, Time: 00:37:19

Health: -7/126     AC: 25    Str: 40    XL:     13   Next: 78%
Magic:  20/20      EV:  7    Int:  7    God:    the Shining One [*****.]
Gold:   1279       SH:  5    Dex: 10    Spells: 12/12 levels left

rFire   + . .      SeeInvis .   s - +10 flail of Drought {vorpal, *Corrode +Blink Str+8 Int+2, mace}
rCold   + . .      Faith    .   c - +0 buckler
rNeg    + + .      Spirit   .   X - +4 crystal plate armour {rare=g}
rPois   .          Reflect  .   (helmet restricted)
rElec   .          Harm     .   (no cloak)
rCorr   .          Rampage  .   I - +0 pair of gloves
Will    .....                   (no boots)
Stlth   ..........              (no amulet)
HPRegen 0.31/turn               j - ring of protection from fire
MPRegen 0.17/turn               u - +6 ring of strength

@: lethally poisoned (-7 -> -24), about to teleport, corroded, slowed, glowing,
very slow
A: horns 2, retaliatory headbutt, talons 1, cold resistance 1, subdued magic 1
a: Renounce Religion, Evoke Blink, Divine Shield, Cleansing Flame, Summon Divine
Warrior


You were on level 4 of the Abyss.
You worshipped the Shining One.
The Shining One was extremely pleased with you.
You visited 3 branches of the dungeon, and saw 18 of its levels.
You visited the Abyss 1 time.
You also visited: Ice Cave.

You collected 1279 gold pieces.


Innate Abilities, Weirdness & Mutations

You have a pair of horns on your head.
You reflexively headbutt those who attack you in melee.
You have sharp toenails.
Your flesh is cold resistant. (rC+)
Your spells are a little easier to cast, but a little less powerful.


   Skills:
 - Level 15.0 Fighting
 - Level 14.0 Maces & Flails
 - Level 15.0 Armour
 - Level 8.0 Shields
 + Level 11.2 Invocations


You had 12 spell levels left.
You didn't know any spells.
Your spell library contained the following spells:

 Spells                   Type           Power      Damage    Failure   Level
 Beastly Appendage        Tmut           0%         N/A       99%         1
 Shock                    Conj/Air       0%         1d3       99%         1
 Summon Small Mammal      Summ           0%         N/A       99%         1
 Scorch                   Fire           0%         2d5       100%        2
 Wereblood                Tmut           0%         N/A       100%        2
 Call Canine Familiar     Summ           0%         N/A       100%        3
 Ozocubu's Armour         Ice            0%         N/A       100%        3
 Portal Projectile        Hex/Tloc       0%         N/A       100%        3
 Spider Form              Tmut/Pois      0%         N/A       100%        3
 Summon Guardian Golem    Hex/Summ       0%         N/A       100%        3
 Swiftness                Air            0%         N/A       100%        3
 Airstrike                Air            0%         N/A       100%        4
 Flame Wave               Conj/Fire      0%         2d4       100%        4
 Leda's Liquefaction      Hex/Erth       0%         N/A       100%        4
 Petrify                  Tmut/Erth      0%         N/A       100%        4
 Fireball                 Conj/Fire      0%         3d3       100%        5
 Metabolic Englaciation   Hex/Ice        0%         N/A       100%        5
 Simulacrum               Ice/Necr       0%         N/A       100%        6
 Starburst                Conj/Fire      0%         6d3       100%        6
 Statue Form              Tmut/Erth      0%         N/A       100%        6
 Summon Cactus Giant      Summ           0%         N/A       100%        6
 Orb of Destruction       Conj           0%         9d5       100%        7
 Ozocubu's Refrigeration  Ice            0%         4d5       100%        7
 Spellforged Servitor     Conj/Summ      0%         N/A       100%        7
 Ignition                 Fire           0%         3d3       100%        8

Inventory:

Hand Weapons
 s - the +10 flail of Drought (weapon) {vorpal, *Corrode +Blink Str+8 Int+2, mace}
   (You took it off an orc warrior on level 8 of the Dungeon)

   It inflicts extra damage upon your enemies.
   Str:       It affects your strength (+8).
   Int:       It affects your intelligence (+2).
   +Blink:    It lets you blink.
   *Corrode:  It may corrode you when you take damage.
 v - a +0 morningstar {mace}
   (You took it off an orc on level 6 of the Dungeon)
 U - the +11 hand axe "Huobb" {spect, *Corrode rN+ Int+6, axe}
   (You found it on level 4 of the Lair of Beasts)

   When its wielder attacks, the weapon's spirit leaps out and strikes again.
   The spirit shares a part of any damage it takes with its wielder.
   Int:       It affects your intelligence (+6).
   rN:        It protects you from negative energy.
   *Corrode:  It may corrode you when you take damage.
 V - the +2 hand axe "Isujos" {freeze, rC+, axe}
   (You found it in an ice cave)

   It freezes those it strikes, dealing additional cold damage.
   It can also slow down cold-blooded creatures.
   rC:        It protects you from cold.
 W - the +4 dagger "Feungeti" {freeze, Fly rElec rF+ Int+2, short}
   (You found it in an ice cave)

   It freezes those it strikes, dealing additional cold damage.
   It can also slow down cold-blooded creatures.
   Int:       It affects your intelligence (+2).
   rF:        It protects you from fire.
   rElec:     It insulates you from electricity.
   Fly:       It grants you flight.
Missiles
 B - 5 silver javelins {throwing}
 P - 3 datura-tipped darts (quivered) {throwing}
Armour
 a - a +0 leather armour
   (You found it on level 4 of the Lair of Beasts)
 c - a +0 buckler (worn)
 f - +0 acid dragon scales
   (You found it on level 10 of the Dungeon)
 k - a +0 chain mail
   (You found it on level 5 of the Lair of Beasts)
 t - a +0 ring mail
   (You took it off an orc priest on level 11 of the Dungeon)
 y - a +0 robe
   (You took it off an orc wizard on level 11 of the Dungeon)
 D - a +0 robe
   (You took it off an orc wizard on level 11 of the Dungeon)
 F - a +2 scale mail of cold resistance
   (You found it on level 1 of the Lair of Beasts)
 G - a +0 robe
   (You took it off an orc wizard on level 11 of the Dungeon)
 I - a +0 pair of gloves (worn)
   (You found it on level 8 of the Dungeon)
 N - a +1 leather armour of resistance
   (You found it in an ice cave)
 X - a +4 crystal plate armour (worn) {rare=g}
   (You found it on level 5 of the Dungeon)
 Y - a +0 robe
   (You took it off a wizard on level 12 of the Dungeon)
 Z - a +0 leather armour
   (You found it on level 12 of the Dungeon)
Jewellery
 j - a ring of protection from fire (left hand)
   (You found it on level 5 of the Dungeon)
 u - a +6 ring of strength (right hand)
   (You found it on level 10 of the Dungeon)
 S - a +6 ring of dexterity
   (You found it on level 3 of the Lair of Beasts)
Wands
 b - a wand of flame (28)
   (You found it on level 7 of the Dungeon)
 o - a wand of iceblast (15)
   (You found it on level 10 of the Dungeon)
 H - a wand of acid (5)
   (You found it on level 4 of the Lair of Beasts)
 J - a wand of polymorph (6)
   (You found it on level 8 of the Dungeon)
 O - a wand of mindburst (6)
   (You found it on level 11 of the Dungeon)
Scrolls
 g - 6 scrolls of brand weapon
 i - a scroll of vulnerability {!r!r}
 m - a scroll of identify {@r1}
 p - 6 scrolls of blinking {!r}
 w - 7 scrolls of amnesia
 x - 15 scrolls of teleportation {@r4}
 A - 5 scrolls of enchant weapon
 K - a scroll of holy word
 L - 5 scrolls of fear
 R - 3 scrolls of silence {!r}
 T - a scroll of fog
Potions
 d - 4 potions of might
 e - 3 potions of brilliance
 h - a potion of haste {@q3}
 l - 3 potions of degeneration {!q@e2}
 n - 3 potions of attraction {!q}
 q - a potion of mutation {!q}
 r - 2 potions of resistance
 z - a potion of ambrosia
 C - a potion of cancellation {unknown}
 M - a potion of flight {unknown}
 Q - 2 potions of curing {@q1}

Dungeon Overview and Level Annotations

Branches:
Dungeon (12/15)            Temple (1/1) D:5            Lair (5/6) D:10
 Shoals (0/4) Lair:2        Snake (0/4) Lair:2        Slime (0/5) Lair:5
    Orc (0/2) D:12          IceCv (visited)

Altars:
Ashenzari
Cheibriados
Dithmenos
Elyvilon
Fedhas
Gozag
Hepliaklqana
Kikubaaqudgha
Makhleb
Nemelex Xobeh
Okawaru
Qazlal
Ru
Sif Muna
Trog
Uskayaw
Vehumet
Wu Jian
Xom
Yredelemnul
Zin
The Shining One
Jiyva

... ... ♣....≈≈ ....
..♣.≈≈.≈.. ...
...≈..≈.≈≈
3..♣.≈..#≈.#≈ ...
#.#.≈#.≈.≈.≈ ###.##
#..§.≈≈..≈≈# #.
..###..≈≈v.≈≈..≈
.....#v..S@≈≈.≈.≈.
#...#....#v≈v≈.≈..
........♣.A.≈.≈#.
..###....≈..≈.≈≈ #
.##......≈≈≈...
##...#..#........
.######................
.................X...
#.... #................


You could see a spatial maelstrom (ally target), 3 spatial vortices, a large
abomination (distracted), a guardian serpent, a ynoxinul and a friendly angel
(summoned).


Message History

You hit the lich but do no damage. The lich completely misses you.
Your angel hits the lich with a +2 sacred scourge of holy wrath.
The lich is destroyed!
The Shining One blesses your angel with more time in this world.
Reactivating autopickup.
HP[+1]
A thrashing horror comes into view.
The thrashing horror roars!
A guardian serpent comes into view.
The guardian serpent shouts!
You hear a bellow!
HP[+1]
You swap places.
The thrashing horror attacks as you move away!
The thrashing horror tramples you but does no damage. x2
The thrashing horror misses your angel. x2
Your angel closely misses the thrashing horror.
Your angel hits the thrashing horror with a +2 sacred scourge of holy wrath!
The guardian serpent casts a spell at you.
The thrashing horror blinks!
Your angel hits the spatial vortex with a +2 sacred scourge of holy wrath! x2
Unknown command.
Unknown command.
You bludgeon the spatial vortex!!
The spatial vortex dissipates!
You block the spatial maelstrom's attack.
The spatial maelstrom hits you but does no damage.
The thrashing horror tramples you.
* * * LOW HITPOINT WARNING * * *
Your corrosive artefact corrodes you!
You hold your ground!
The thrashing horror tramples you but does no damage.
The spatial vortex barely misses you. The spatial vortex hits you.
* * * LOW HITPOINT WARNING * * *
The spatial vortex hits you!
* * * LOW HITPOINT WARNING * * *
A spatial vortex comes into view.
HP[-26]
You take 26 damage, and now have 40/126 hp.
MASSIVE DAMAGE!! (PAUSE)
The spatial vortex attacks as you move away!
The spatial vortex hits you but does no damage.
Your angel closely misses the spatial vortex.
Your angel hits the spatial vortex with a +2 sacred scourge of holy wrath!
HP[+1]
The spatial maelstrom hits your angel. Space warps horribly around your angel!
The spatial maelstrom hits your angel.
Your angel blinks!
The thrashing horror tramples you but does no damage. x2
The guardian serpent coils itself and waves its upper body at you.
You resist with some effort. The thrashing horror tramples you.
* * * LOW HITPOINT WARNING * * *
You stumble backwards!
HP[-4]
You take 4 damage, and now have 37/126 hp.
You bludgeon the thrashing horror!!
Your headbutt misses the thrashing horror.
The guardian serpent casts a spell at you.
You feel yourself slow down.
You bludgeon the thrashing horror!!
You destroy the thrashing horror!
That felt strangely unrewarding.
The guardian serpent casts a spell at you.
The bolt of poison hits the spatial vortex.
The spatial vortex completely resists.
The bolt of poison hits you but does no damage.
You are poisoned.
The guardian serpent casts a spell at you.
The spatial vortex blinks! x2
A spatial vortex comes into view.
You hit the spatial vortex.
You claw the spatial vortex, but do no damage.
You headbutt the spatial vortex.
You feel very sick.
The guardian serpent coils itself and waves its upper body at you.
The bolt of poison hits you!
You are more poisoned.
* * * LOW HITPOINT WARNING * * *
Your angel hits the spatial maelstrom with a +2 sacred scourge of holy wrath! x2
A ynoxinul comes into view.
The spatial vortex hits you but does no damage.
The spatial maelstrom hits you but does no damage.
The spatial maelstrom barely misses you.
A large abomination comes into view.
HP[-20]
You take 20 damage, and now have 17/126 hp.
As you read the scroll of teleportation {@r4}, it crumbles to dust.
You feel strangely unstable.
You feel the power of the Abyss delaying your translocation!
* * * LOW HITPOINT WARNING * * *
You feel extremely sick.
The ynoxinul bellows!
Your angel hits the spatial maelstrom with a +2 sacred scourge of holy wrath.
Your angel hits the spatial maelstrom with a +2 sacred scourge of holy wrath!
The spatial maelstrom hits you but does no damage.
The spatial maelstrom barely misses you.
Your angel hits the spatial maelstrom with a +2 sacred scourge of holy wrath!
Your angel hits the spatial maelstrom with a +2 sacred scourge of holy wrath!!
The spatial vortex hits you!
You die...

Skill      XL: |  1  2  3  4  5  6  7  8  9 10 11 12 13 |
---------------+----------------------------------------+-----
Fighting       | 4 5 6 8 11 15 | 15.0
Maces & Flails | 3 6 8 12 14 | 14.0
Armour         | 5 8 11 15 | 15.0
Shields        | 7 8 |  8.0
Invocations    | 7 10 11 | 11.2

Action                   |  1- 3 |  4- 6 |  7- 9 | 10-12 | 13-15 || total
-------------------------+-------+-------+-------+-------+-------++-------
Melee: Flail             |    98 |   131 |   206 |   416 |   208 ||  1059
       Headbutt          |    10 |    26 |    55 |   100 |    57 ||   248
       Kick              |       |       |       |   125 |    86 ||   211
Throw: Dart              |       |     8 |       |     3 |       ||    11
Invok: Divine Shield     |       |       |       |     1 |     2 ||     3
       Cleansing Flame   |       |       |       |       |     1 ||     1
       Summon Divine War |       |       |       |       |     1 ||     1
Evoke: Wand              |       |       |       |       |     6 ||     6
  Use: Potion            |       |       |       |     4 |     7 ||    11
       Scroll            |       |       |       |    22 |     4 ||    26
Armor: Scale mail        |    51 |    63 |       |       |    22 ||   136
       Crystal plate arm |       |       |   123 |   229 |    70 ||   422
Dodge: Dodged            |    39 |    62 |    32 |   104 |    53 ||   290
Block: Buckler           |    28 |    25 |    44 |    92 |    37 ||   226

Levels and vault maps discovered:
D:1:      matt_arrival_refuge, layout_loops_ring,
          shapermc_ecumenical_altar_ellora, grunt_decor_one_mirror,
          grunt_decor_cap, minmay_pentomino_s4
D:2:      minmay_general_purpose_star, layout_basic, basic_altar,
          grunt_decor_fettered
D:3:      layout_basic
D:4:      nicolae_cairo_tiling_large_dashed, layout_cave_pools
D:5:      layout_basic, nemelex_xobeh_ov_fountains_minmay,
          minmay_temple_entry_offerings
D:6:      layout_basic
D:7:      layout_loops_corners, amcnicky_mini_pool_small
D:8:      layout_loops_ring, hangedman_glass_teeth, minmay_orc_keep, uniq_pikel
D:9:      layout_long_grid, uniq_maggie
D:10:     layout_stronghold, david_lair_generic
D:11:     layout_loops_ring
D:12:     minmay_smoke_and_mirrors, layout_irregular_city, zombieorc1_lemuel,
          serial_undead, serial_undead_c, serial_undead_e, serial_undead_d,
          serial_undead_b, portal_ice_cave_entry_pillars_1, dk_noncrumbling_4,
          uniq_maurice
Temple:   mainiacjoe_temple_archimedes_tessellation
Lair:1:   layout_regular_city, grunt_megastairs_1
Lair:2:   layout_cellular_growth, elwin_shoals_entry_rooms,
          guppyfry_snake_entry_garden
Lair:3:   layout_hall_layers, hellmonk_ghost_happy_afterlife,
          beast_lair_carwin_11
Lair:4:   layout_cave_pods, serial_bayou_pond_d, worms_lemuel
Lair:5:   layout_regular_city, slime_altar_1, nicolae_quartered_pool_little,
          minivault_25, lemuel_fruit_fields
Abyss:4:  base: Lair:5, nicolae_abyss_rune_left_handed, minivault_26,
          evilmike_abyss_exit_10, evilmike_abyss_exit_glass

Notes
Turn   | Place    | Note
-------+----------+-------------------------------------------
     0 | D:1      | zeratav the Minotaur Fighter began the quest for the Orb.
     0 | D:1      | Reached XP level 1. HP: 19/19 MP: 0/0
     0 | D:1      | magus.rc [v1.9.6]
    21 | D:1      | You pick up a book of Air and begin reading...
    21 | D:1      | You add the spells Shock, Swiftness and Airstrike to your
                  | library.
    73 | D:1      | You pick up a book of Scorching and begin reading...
    73 | D:1      | You add the spells Scorch, Flame Wave and Summon Cactus
                  | Giant to your library.
   102 | D:1      | You pick up a book of the Hunter and begin reading...
   102 | D:1      | You add the spells Call Canine Familiar, Portal Projectile
                  | and Leda's Liquefaction to your library.
   151 | D:1      | Reached skill level 4 in Fighting
   243 | D:1      | Found a faded altar of an unknown god.
   409 | D:1      | Reached XP level 2. HP: 28/28 MP: 1/1
   997 | D:2      | Reached skill level 5 in Fighting
  1152 | D:2      | Reached XP level 3. HP: 29/36 MP: 2/2
  1404 | D:2      | Found a sacrificial altar of Ru.
  2168 | D:3      | You pick up a book of the Hunter and begin reading...
  2235 | D:3      | Reached skill level 6 in Fighting
  2235 | D:3      | Reached XP level 4. HP: 44/44 MP: 3/3
  2919 | D:4      | Reached XP level 5. HP: 39/51 MP: 4/4
  2923 | D:4      | Reached skill level 7 in Fighting
  3366 | D:4      | Reached skill level 8 in Fighting
  3643 | D:4      | Reached skill level 3 in Maces & Flails
  3643 | D:4      | Reached XP level 6. HP: 61/61 MP: 5/5
  3695 | D:4      | HP: 10/61 [orc/+0 war axe (7)]
  3696 | D:4      | HP: 4/61 [orc/+0 flail (4)]
  4025 | D:5      | Entered Level 5 of the Dungeon
  4073 | D:5      | Reached skill level 4 in Maces & Flails
  4169 | D:5      | Found a staircase to the Ecumenical Temple.
  4176 | D:5      | Reached skill level 5 in Maces & Flails
  4178 | D:5      | Identified a +0 crystal plate armour
  4185 | D:5      | X - a +0 crystal plate armour {rare=g}
  4191 | D:5      | You pick up a book of Callings and begin reading...
  4191 | D:5      | You add the spells Summon Small Mammal and Summon Guardian
                  | Golem to your library.
  4197 | Temple   | Entered the Ecumenical Temple
  4508 | Temple   | Became a worshipper of the Shining One
  4632 | D:5      | Found a sparkling altar of Nemelex Xobeh.
  4675 | D:5      | Reached skill level 6 in Maces & Flails
  4675 | D:5      | Reached XP level 7. HP: 59/68 MP: 6/6
  4711 | D:5      | You finish putting on your +0 crystal plate armour
                  | {rare=g}.
  4953 | D:5      | Reached skill level 7 in Maces & Flails
  5364 | D:6      | Noticed a troll
  5374 | D:6      | Killed a troll
  5375 | D:6      | Reached skill level 8 in Maces & Flails
  5375 | D:6      | Reached skill level 5 in Armour
  5375 | D:6      | Reached XP level 8. HP: 45/74 MP: 7/7
  5580 | D:6      | Reached skill level 6 in Armour
  5673 | D:6      | Reached skill level 7 in Armour
  5889 | D:6      | Reached * piety under the Shining One
  5930 | D:6      | Reached skill level 8 in Armour
  5930 | D:6      | Reached skill level 4 in Shields
  5938 | D:6      | Reached skill level 5 in Shields
  5943 | D:6      | Reached skill level 6 in Shields
  5948 | D:6      | Reached skill level 7 in Shields
  6052 | D:6      | Reached XP level 9. HP: 81/81 MP: 8/8
  6183 | D:6      | Reached skill level 8 in Shields
  6406 | D:7      | Reached skill level 9 in Maces & Flails
  6949 | D:7      | Reached skill level 10 in Maces & Flails
  7288 | D:8      | Reached skill level 11 in Maces & Flails
  7299 | D:8      | Reached skill level 12 in Maces & Flails
  7484 | D:8      | Identified the +3 long sword "Ogrebane" {drain, rPois
                  | Str+2}
  7532 | D:8      | Reached XP level 10. HP: 88/88 MP: 9/9
  7663 | D:8      | You pick up a book of Winter and begin reading...
  7663 | D:8      | You add the spells Ozocubu's Armour, Metabolic Englaciation
                  | and Simulacrum to your library.
  7696 | D:8      | Noticed Pikel
  7753 | D:8      | Killed Pikel
  7754 | D:8      | Reached skill level 13 in Maces & Flails
  8400 | D:8      | Identified the +10 flail of Drought {vorpal, *Corrode
                  | +Blink Str+8 Int+2}
  8913 | D:9      | Noticed Maggie
  8919 | D:9      | Killed Maggie
  8951 | D:9      | Reached ** piety under the Shining One
  8960 | D:9      | Reached skill level 14 in Maces & Flails
  8960 | D:9      | Reached skill level 1 in Invocations
  8962 | D:9      | Reached skill level 2 in Invocations
  9067 | D:9      | HP: 20/88 [killer bee (5)]
  9068 | D:9      | Reached skill level 3 in Invocations
  9070 | D:9      | HP: 9/88 [poisoned by a killer bee]
  9073 | D:9      | HP: 4/88 [poisoned by a killer bee]
  9074 | D:9      | Gained mutation: You have sharp toenails. [potion of
                  | mutation]
  9074 | D:9      | Gained mutation: Your spells are a little easier to cast,
                  | but a little less powerful. [potion of mutation]
  9078 | D:9      | HP: 13/88 [poisoned by a killer bee]
  9442 | D:9      | Paralysed by a hornet for 1 turns
  9449 | D:9      | Reached skill level 4 in Invocations
  9451 | D:9      | HP: 18/88 [yak (9)]
  9459 | D:9      | Reached skill level 5 in Invocations
  9459 | D:9      | HP: 3/88 [yak (10)]
  9882 | D:9      | Reached skill level 6 in Invocations
  9894 | D:9      | Reached skill level 7 in Invocations
  9894 | D:9      | Reached XP level 11. HP: 87/94 MP: 13/15
 10293 | D:10     | Entered Level 10 of the Dungeon
 10402 | D:9      | You pick up a book of Changes and begin reading...
 10402 | D:9      | You add the spells Beastly Appendage, Wereblood and Spider
                  | Form to your library.
 10699 | D:10     | Noticed a death yak
 10738 | D:9      | Reached skill level 8 in Invocations
 10753 | D:9      | Killed a death yak
 11223 | D:10     | Found a staircase to the Lair.
 11685 | Lair:1   | Entered Level 1 of the Lair of Beasts
 11749 | Lair:1   | Reached skill level 9 in Invocations
 12061 | Lair:1   | Noticed a four-headed hydra
 12067 | Lair:1   | Killed a four-headed hydra
 12068 | Lair:1   | Reached skill level 10 in Invocations
 12439 | Lair:2   | Found a staircase to the Snake Pit.
 12695 | Lair:2   | Noticed a boulder beetle
 12707 | Lair:2   | Reached skill level 9 in Fighting
 12722 | Lair:2   | Killed a boulder beetle
 12981 | Lair:2   | Reached skill level 10 in Fighting
 13240 | Lair:2   | Noticed a catoblepas
 13254 | Lair:2   | Killed a catoblepas
 13255 | Lair:2   | Reached skill level 11 in Fighting
 13410 | Lair:2   | Noticed a six-headed hydra
 13417 | Lair:2   | Killed a six-headed hydra
 13418 | Lair:2   | Reached XP level 12. HP: 35/112 MP: 18/18
 13543 | Lair:2   | Reached skill level 12 in Fighting
 13959 | Lair:2   | Found a staircase to the Shoals.
 13987 | Lair:2   | Reached skill level 13 in Fighting
 14862 | Lair:3   | Found a runed translucent door.
 14862 | Lair:3   | Noticed siradein's ghost (journeyman DjIE)
 14862 | Lair:3   | Reached *** piety under the Shining One
 15073 | Lair:3   | Reached skill level 14 in Fighting
 15539 | Lair:3   | Killed siradein's ghost
 15843 | Lair:4   | You pick up a book of Dangerous Friends and begin
                  | reading...
 15843 | Lair:4   | You add the spells Orb of Destruction and Spellforged
                  | Servitor to your library.
 15953 | Lair:4   | Noticed a seven-headed hydra
 15959 | Lair:4   | Killed a seven-headed hydra
 15960 | Lair:4   | Reached skill level 15 in Fighting
 16153 | Lair:4   | Noticed a six-headed hydra
 16161 | Lair:4   | Killed a six-headed hydra
 16162 | Lair:4   | Reached skill level 9 in Armour
 16492 | Lair:4   | Identified the +11 hand axe "Huobb" {spect, *Corrode rN+
                  | Int+6}
 16557 | Lair:4   | Reached skill level 10 in Armour
 17032 | Lair:5   | your +0 crystal plate armour {rare=g} glows green for a
                  | moment.
 17033 | Lair:5   | your +1 crystal plate armour {rare=g} glows green for a
                  | moment.
 17034 | Lair:5   | your +2 crystal plate armour {rare=g} glows green for a
                  | moment.
 17035 | Lair:5   | your +3 crystal plate armour {rare=g} glows green for a
                  | moment.
 17143 | Lair:5   | Found a viscous altar of Jiyva.
 17146 | Lair:5   | Found a staircase to the Slime Pits.
 17163 | Lair:5   | You pick up a book of Fire and begin reading...
 17163 | Lair:5   | You add the spells Fireball, Starburst and Ignition to your
                  | library.
 17284 | Lair:5   | Reached skill level 11 in Armour
 17341 | Lair:5   | Noticed a seven-headed hydra
 17345 | Lair:5   | Noticed a death yak
 17346 | Lair:5   | Killed a seven-headed hydra
 17347 | Lair:5   | Reached XP level 13. HP: 107/126 MP: 19/19
 17369 | Lair:5   | Reached skill level 12 in Armour
 18440 | D:11     | Reached skill level 13 in Armour
 18979 | D:12     | Found a frozen archway.
 18993 | D:12     | You finish taking off your +4 crystal plate armour
                  | {rare=g}.
 18999 | IceCv    | Entered an ice cave
 19330 | IceCv    | Reached skill level 14 in Armour
 19734 | IceCv    | Reached **** piety under the Shining One
 19941 | IceCv    | Reached skill level 15 in Armour
 19952 | IceCv    | Found a viscous altar of Jiyva.
 19952 | IceCv    | Noticed an azure jelly
 19960 | IceCv    | Killed an azure jelly
 19961 | IceCv    | Noticed an azure jelly
 19966 | IceCv    | Killed an azure jelly
 19982 | IceCv    | Got the +2 hand axe "Isujos" {freeze, rC+, axe}
 19984 | IceCv    | Got the +4 dagger "Feungeti" {freeze, Fly rElec rF+ Int+2,
                  | short}
 20226 | D:12     | You finish putting on your +4 crystal plate armour
                  | {rare=g}.
 20249 | D:12     | You pick up a book of Sloth and begin reading...
 20249 | D:12     | You add the spells Petrify and Statue Form to your library.
 20264 | D:12     | Found a staircase to the Orcish Mines.
 20270 | D:12     | Reached ***** piety under the Shining One
 20387 | D:12     | Reached skill level 11 in Invocations
 20425 | D:12     | You are cast into the Abyss!
 20425 | D:12     | Cast into level 2 of the Abyss (a wizard)
 20425 | Abyss:2  | Found a corrupted altar of Lugonu.
 20467 | Abyss:4  | Noticed a ghost moth
 20488 | Abyss:4  | HP: 31/126 [poisoned by a swamp dragon (poison gas)]
 20492 | Abyss:4  | Noticed a tentacled starspawn
 20494 | Abyss:4  | Noticed a thorn hunter
 20494 | Abyss:4  | HP: 10/126 [tentacled starspawn (17)]
 20595 | Abyss:4  | Noticed a tentacled starspawn
 20604 | Abyss:4  | Killed a tentacled starspawn
 20647 | Abyss:4  | HP: 29/126 [burnt (3)]
 20661 | Abyss:4  | Noticed a lich
 20677 | Abyss:4  | Gained mutation: Your flesh is cold resistant. (rC+) [a
                  | neqoxec]
 20704 | Abyss:4  | Killed a lich
 20717 | Abyss:4  | HP: 17/126 [guardian serpent/bolt of poison (17)]
 20718 | Abyss:4  | Mangled by a spatial vortex

Vanquished Creatures
  A tentacled starspawn (Abyss:4)
  2 azure jellies (IceCv)
  The ghost of siradein the Fighter, a journeyman DjIE of Makhleb (Lair:3)
  6 hydras
  A catoblepas (Lair:2)
  A boulder beetle (Lair:2)
  A two-headed ogre (D:11)
  5 death yaks
  A thrashing horror (Abyss:4)
  Pikel (D:8)
  A wizard (D:12)
  A moth of wrath (Lair:4)
  A merfolk siren (Lair:2)
  An elephant (D:9)
  4 black mambas
  5 cane toads
  2 ice statues (IceCv)
  A gargoyle (D:12)
  4 komodo dragons
  Maggie (D:9)
  5 rime drakes
  An entropy weaver simulacrum (IceCv)
  A merfolk (Lair:2)
  A polar bear (Lair:2)
  A large abomination (Abyss:4)
  A hornet (D:9)
  A troll (D:6)
  7 blink frogs (Lair:4)
  4 raiju (Abyss:4)
  22 slime creatures (IceCv)
  5 dream sheep (Lair:5)
  A meliai zombie (D:12)
  A shadow (D:12)
  45 yaks
  3 wraiths
  4 basilisks
  A vampire (D:11)
  4 wyverns
  2 steam dragons
  A naga (Lair:2)
  A spatial vortex (Abyss:4)
  3 acid dragons
  2 swamp worms (Lair:4)
  7 water moccasins
  An ice beast (D:7)
  3 sky beasts
  2 black bears
  2 orc warriors
  4 ugly thing simulacra (IceCv)
  6 wolves
  An ogre (D:5)
  4 lemures (D:8)
  2 phantoms
  2 kobold brigands
  A small abomination (Abyss:4)
  5 necrophages
  A gnoll sergeant (D:10)
  9 bullfrogs
  6 glowing shapeshifter simulacra (IceCv)
  A scorpion (D:5)
  A troll zombie (D:12)
  5 killer bees (D:9)
  5 howler monkeys
  7 hounds
  5 orc priests
  2 jellies
  5 iguanas
  17 orc wizards
  4 ogre zombies (D:12)
  4 gnolls
  8 adders
  A shadow imp (D:5)
  3 white imps
  3 ufetubi
  A worm (D:2)
  35 orcs
  8 endoplasms
  8 goblins
  2 hobgoblins
  6 jackals
  11 kobolds
  6 quokkas
  2 ball pythons
  5 bats
  3 frilled lizards
  3 goblin skeletons (D:12)
  5 goblin zombies (D:12)
  A hobgoblin skeleton (D:12)
  2 orc skeletons (D:12)
  5 orc zombies (D:12)
  5 rats
393 creatures vanquished.

Vanquished Creatures (collateral kills)
  A lich (Abyss:4)
  A large abomination (Abyss:4)
  A smoke demon (Abyss:4)
  An ice devil (Abyss:4)
  An ancient zyme (Abyss:4)
  A raiju (Abyss:4)
  2 small abominations (Abyss:4)
  A neqoxec (Abyss:4)
  6 golden eyes (Abyss:4)
  A chaos spawn (Abyss:4)
  A shadow imp (Abyss:4)
17 creatures vanquished.

Vanquished Creatures (others)
  A slime creature (IceCv)
  16 fungi
  21 plants
  4 starspawn tentacles (Abyss:4)
  A withered plant (D:12)
43 creatures vanquished.

Grand Total: 453 creatures vanquished

Table legend:
 A = Non-vault XP
 B = Vault XP
 C = Vault XP percentage of total XP
 D = Non-vault monster count
 E = Vault monster count
 F = Vault count percentage of total count
                 A         B        C        D         E       F
            +---------+---------+-------+---------+---------+-------
      Total |   41371 |   17541 |  29.8 |     309 |      97 |  23.9
            +---------+---------+-------+---------+---------+-------
        D:1 |      20 |       6 |  23.1 |      14 |       3 |  17.6
        D:2 |      45 |       6 |  11.8 |      11 |       5 |  31.2
        D:3 |      52 |       0 |   0.0 |      15 |       0 |   0.0
        D:4 |     316 |       0 |   0.0 |      20 |       0 |   0.0
        D:5 |     653 |       0 |   0.0 |      21 |       0 |   0.0
        D:6 |    2032 |       0 |   0.0 |      23 |       0 |   0.0
        D:7 |    1124 |       0 |   0.0 |      20 |       0 |   0.0
        D:8 |    1657 |     905 |  35.3 |      16 |      10 |  38.5
        D:9 |    4851 |    1678 |  25.7 |      34 |       3 |   8.1
       D:10 |     488 |     330 |  40.3 |       5 |       2 |  28.6
       D:11 |    1455 |       0 |   0.0 |      18 |       0 |   0.0
       D:12 |     767 |    1897 |  71.2 |       2 |      29 |  93.5
     Lair:1 |    1660 |     983 |  37.2 |       8 |       2 |  20.0
     Lair:2 |    7576 |     977 |  11.4 |      24 |       3 |  11.1
     Lair:3 |    2970 |    1369 |  31.6 |      13 |       4 |  23.5
     Lair:4 |    5409 |     826 |  13.2 |      16 |       3 |  15.8
     Lair:5 |    8492 |       0 |   0.0 |      19 |       0 |   0.0
    Abyss:4 |       0 |       0 |   N/A |      23 |       2 |   8.0
      IceCv |    1804 |    8564 |  82.6 |       7 |      31 |  81.6
            +---------+---------+-------+---------+---------+-------

Illustrated notes

Table legend:
 A = Kills in this place as a percentage of kills in entire the game.
 B = Kills by you in this place as a percentage of kills by you in the entire game.
 C = Kills by friends in this place as a percentage of kills by friends in the entire game.
 D = Other kills in this place as a percentage of other kills in the entire game.
 E = Experience gained in this place as a percentage of experience gained in the entire game.
 F = Experience gained in this place divided by the number of levels of this place that you have seen.
                   A       B       C       D       E      F
               +-------+-------+-------+-------+-------+----------------------
         Total | 100.0 | 100.0 | 100.0 | 100.0 | 100.0 | 2677.8
       Dungeon |  61.8 |  64.7 |   0.0 |   0.0 |  31.0 | 1523.5
          Lair |  22.7 |  23.7 |   0.0 |   0.0 |  51.4 | 6052.4
         Abyss |   6.2 |   2.1 | 100.0 |   0.0 |   0.0 |   0.0
      Ice Cave |   9.4 |   9.5 |   0.0 | 100.0 |  17.6 | 10368.0
               +-------+-------+-------+-------+-------+----------------------

Table legend: (Time is in decaauts)
 A = Elapsed time spent in this place.
 B = Non-inter-level travel time spent in this place.
 C = Inter-level travel time spent in this place.
 D = Time resting spent in this place.
 E = Time spent auto-exploring this place.
 F = Levels seen in this place.
 G = Mean time per level.
                   A        B        C        D        E       F      G
               +--------+--------+--------+--------+--------+-----+--------+
         Total |  20680 |  19765 |    915 |   3666 |  13230 |  22 |  940.0 |
       Dungeon |  12313 |  11655 |    658 |   1561 |   8364 |  12 | 1026.1 |
        Temple |    323 |    287 |     36 |      0 |    270 |   1 |  323.0 |
          Lair |   6570 |   6350 |    220 |   1359 |   4456 |   5 | 1314.0 |
         Abyss |    285 |    285 |      0 |    114 |      0 |   3 |   95.0 |
      Ice Cave |   1188 |   1188 |      0 |    632 |    140 |   1 | 1188.0 |
               +--------+--------+--------+--------+--------+-----+--------+

Top non-repeatable levels by time:
  Lair:2: 2029 daAuts
     D:9: 1909 daAuts
     D:8: 1554 daAuts
  Lair:3: 1347 daAuts
  Lair:4: 1301 daAuts
   IceCv: 1188 daAuts
     D:4: 1164 daAuts
  Lair:5: 1154 daAuts
     D:3: 1065 daAuts
     D:7: 1050 daAuts
     D:6: 1009 daAuts
     D:5: 940 daAuts
     D:1: 935 daAuts
     D:2: 919 daAuts
    D:10: 866 daAuts
